 Dungeon Crawl Stone Soup version 0.28-a0-1356-g2ad6d04315 (webtiles) character file.

Game seed: 14499711036935529922

30 avis the Insei (level 3, 0/31 HPs)
             Began as a Kobold Transmuter on Dec 30, 2021.
             Succumbed to an adder's poison
             ... on level 2 of the Dungeon.
             The game lasted 00:06:00 (1290 turns).

avis the Insei (Kobold Transmuter)                  Turns: 1290, Time: 00:06:00

Health: 0/31       AC:  2    Str:  9    XL:     3   Next: 37%
Magic:  5/6        EV: 15    Int: 14    God:
Gold:   0          SH:  0    Dex: 15    Spells: 2/6 levels left

rFire   . . .      SeeInvis .     - Unarmed
rCold   . . .      Faith    .   (no shield)
rNeg    . . .      Spirit   .   a - +0 robe
rPois   .          Reflect  .   (no helmet)
rElec   .          Harm     .   (no cloak)
rCorr   .          Rampage  .   (no gloves)
Will    .....                   (no boots)
Stlth   ..........              (no amulet)
HPRegen 0.10/turn               (no ring)
MPRegen 0.10/turn               (no ring)

@: berserking, lethally poisoned (0 -> -5), very quick
A: small, no large weapons, nightstalker 3
a: no special abilities


You were on level 2 of the Dungeon.
You visited 1 branch of the dungeon, and saw 2 of its levels.

Inventory:

Missiles
 c - 13 stones
 d - 16 bolts
 m - 17 arrows
Armour
 a - a +0 robe (worn)
 i - a +0 leather armour
Scrolls
 e - a scroll of blinking {unknown}
 f - a scroll of enchant armour {unknown}
 k - a scroll of identify {unknown}
 l - a scroll of fear {unknown}
Potions
 b - 2 potions of berserk rage
 g - a potion of haste {unknown}
 h - a potion of might {unknown}
 j - 2 potions of degeneration {unknown}


   Skills:
 - Level 2.0 Fighting
 - Level 3.0 Dodging
 * Level 2.7 Stealth
 - Level 3.0 Unarmed Combat
 - Level 2.1 Spellcasting
 - Level 2.0 Transmutations


You had 2 spell levels left.
You knew the following spells:

 Your Spells              Type           Power      Damage    Failure   Level
a - Beastly Appendage     Tmut           14%        N/A       11%         1
p - Spider Form           Tmut/Pois      4%         N/A       43%         3

Your spell library contained the following spells:

 Spells                   Type           Power      Damage    Failure   Level
 Wereblood                Tmut           7%         N/A       16%         2
 Gell's Gravitas          Tloc           1%         N/A       56%         3
 Teleport Other           Tloc           1%         N/A       56%         3
 Ice Form                 Ice/Tmut       4%         N/A       83%         4
 Dispersal                Tloc           0%         N/A       100%        6


Dungeon Overview and Level Annotations

Branches:
Dungeon (2/15)

Altars:


Innate Abilities, Weirdness & Mutations

You are small and have problems with some larger weapons.
You are completely attuned to the shadows.


Message History

The adder is lightly wounded.
The adder misses you.
You barely miss the adder.
The adder is lightly wounded.
The adder bites you.
You are poisoned.
The adder poisons you!
You miss the adder. Your kick misses the adder.
The adder is lightly wounded.
You feel sick. The adder closely misses you.
You miss the adder. You claw the adder, but do no damage.
The adder is lightly wounded.
Your horns disappear.
Your talons disappear.
You feel sick. The adder bites you. The adder closely misses you.
You closely miss the adder. You punch the adder, but do no damage.
The adder is lightly wounded.
You feel sick. The adder bites you but does no damage.
You hit the adder.
The adder is heavily wounded.
You feel sick. The adder bites you.
You hit the adder.
The adder is severely wounded.
You feel sick.
You are no longer poisoned.
The adder closely misses you.
You closely miss the adder.
The adder is severely wounded.
The adder bites you.
You are lethally poisoned!
The adder poisons you! The adder bites you.
* * * LOW HITPOINT WARNING * * *
It was a potion of berserk rage.
A red film seems to cover your vision as you go berserk!
You feel yourself moving faster!
You feel mighty!
* * * LOW HITPOINT WARNING * * *
You feel sick. The adder misses you.
You are too berserk!
You punch the adder!
You kill the adder!
You die...

#########
##########.......#
#†@...........##.##
#.............##.#.
#++####.......##.#.
#......###.##
#..>.........
#...###.#####
###.###......
###..........
#............


There were no monsters in sight!

Vanquished Creatures
  An adder (D:2)
  A worm (D:2)
  3 ball pythons (D:1)
  2 endoplasms
  4 giant cockroaches
  2 hobgoblins (D:1)
  3 kobolds (D:1)
  2 quokkas (D:1)
  4 bats (D:1)
  2 frilled lizards (D:1)
  4 rats
28 creatures vanquished.

Notes
Turn   | Place    | Note
-------+----------+-------------------------------------------
     0 | D:1      | avis the Kobold Transmuter began the quest for the Orb.
     0 | D:1      | Reached XP level 1. HP: 12/12 MP: 3/3
    30 | D:1      | Reached skill level 1 in Stealth
   105 | D:1      | Reached XP level 2. HP: 14/17 MP: 3/5
   757 | D:1      | Reached XP level 3. HP: 21/21 MP: 4/6
   761 | D:1      | Learned a level 3 spell: Spider Form
   761 | D:1      | Upgraded the game from 0.28-a0-1347-g113dc556a4 to
                  | 0.28-a0-1356-g2ad6d04315
  1289 | D:2      | HP: 1/31 [poisoned by an adder]
  1290 | D:2      | Succumbed to an adder's poison

Illustrated notes

Levels and vault maps discovered:
D:1:      psy_arrival_radial01, layout_basic
D:2:      layout_basic, grunt_decor_one_mirror, kennysheep_generic_room_7

Skill      XL: |  1  2  3 |
---------------+----------+-----
Stealth        | 1 2 |  2.7
Fighting       | 2 |  2.0
Dodging        | 3 |  3.0
Unarmed Combat | |  3.0
Spellcasting   | |  2.1
Transmutations | |  2.0

Action                   || total
-------------------------++-------
Melee: Unarmed           ||    70
       Kick              ||    15
       Headbutt          ||     5
       Punch             ||     2
 Cast: Beastly Appendage ||    24
  Use: Potion            ||     1
 Stab: Sleeping          ||    12
Armor: Robe              ||    12
Dodge: Dodged            ||    35

Table legend: (Time is in decaauts)
 A = Elapsed time spent in this place.
 B = Non-inter-level travel time spent in this place.
 C = Inter-level travel time spent in this place.
 D = Time resting spent in this place.
 E = Time spent auto-exploring this place.
 F = Levels seen in this place.
 G = Mean time per level.
                   A        B        C        D        E       F      G
               +--------+--------+--------+--------+--------+-----+--------+
         Total |   1287 |   1204 |     83 |    263 |    688 |   2 |  643.5 |
       Dungeon |   1287 |   1204 |     83 |    263 |    688 |   2 |  643.5 |
               +--------+--------+--------+--------+--------+-----+--------+

Top non-repeatable levels by time:
     D:1: 1081 daAuts
     D:2: 205 daAuts
